 Dungeon Crawl Stone Soup version 0.27-a0-965-gbf8bb431c4 (webtiles) character file.

Game seed: 12237140454827307974

241 jestyr24 the Skirmisher (level 5, -5/51 HPs)
             Began as a Minotaur Berserker on Apr 12, 2021.
             Was a Believer of Trog.
             Slain by Terence
             ... wielding a +0 flail
              (13 damage)
             ... on level 3 of the Dungeon.
             The game lasted 00:04:58 (1994 turns).

jestyr24 the Skirmisher (Minotaur Berserker)        Turns: 1994, Time: 00:04:58

Health: -5/51      AC:  3    Str: 22    XL:     5   Next: 80%
Magic:  22/22      EV: 12    Int:  4    God:    Trog [**....]
Gold:   86         SH:  0    Dex: 10    Spells: 4/4 levels left

rFire    . . .     SeeInvis .   c - +4 short sword
rCold    . . .     Faith    .   (no shield)
rNeg     . . .     Spirit   .   d - +0 leather armour
rPois    .         Reflect  .   (helmet restricted)
rElec    .         Harm     .   (no cloak)
rCorr    .         Rampage  .   (no gloves)
Will     .....                  (no boots)
Stlth    +.........             (no amulet)
HPRegen  0.17/turn              j - ring of magical power
MPRegen  0.18/turn              f - ring of magical power

@: no status effects
A: horns 2, retaliatory headbutt
a: Renounce Religion, Berserk, Trog's Hand


You were on level 3 of the Dungeon.
You worshipped Trog.
Trog was pleased with you.
You visited 1 branch of the dungeon, and saw 3 of its levels.

You collected 86 gold pieces.

Inventory:

Hand Weapons
 a - a +0 hand axe
 c - a +4 short sword (weapon)
 i - a +0 long sword
Missiles
 m - 18 poisoned darts (quivered)
Armour
 b - a +0 animal skin
 d - a +0 leather armour (worn)
Jewellery
 f - a ring of magical power (right hand)
 j - a ring of magical power (left hand)
 l - a ring of magical power
Scrolls
 e - 3 scrolls of identify
 k - a scroll of immolation {unknown}
 n - a scroll of fog {unknown}
Potions
 g - a potion of lignification {unknown}
 h - a potion of curing {unknown}


   Skills:
 + Level 6.3 Fighting
 - Level 3.7 Axes
 + Level 3.2 Armour
 + Level 3.9 Dodging
 + Level 1.0 Stealth


You had 4 spell levels left.
You didn't know any spells.
Your spell library was empty.

Dungeon Overview and Level Annotations

Branches:
Dungeon (3/15)

Altars:

Annotations:
D:3 Terence


Innate Abilities, Weirdness & Mutations

You have a pair of horns on your head.
You reflexively headbutt those who attack you in melee.


Message History

The hobgoblin moves out of view.
The goblin misses you.
You hit the goblin.
The goblin is moderately wounded.
The goblin hits you with a +0 club. The goblin hits you but does no damage.
You miss the goblin. Your headbutt misses the goblin.
The goblin is moderately wounded.
The hobgoblin barely misses you. You furiously retaliate!
You headbutt the hobgoblin. The goblin closely misses you.
You hit the hobgoblin.
You kill the hobgoblin!
Trog accepts your kill. The goblin closely misses you. You furiously retaliate!
You headbutt the goblin. Terence hits you with a +0 flail!
The goblin barely misses you. You furiously retaliate!
You headbutt the goblin.
You kill the goblin!
Trog accepts your kill.
You see here a hobgoblin corpse.
You hit Terence but do no damage. Terence hits you with a +0 flail.
You puncture Terence! You headbutt Terence.
Terence is heavily wounded.
Terence hits you with a +0 flail.
You hit Terence but do no damage. You headbutt Terence.
Terence is heavily wounded.
Terence shouts, "Get ready for death!"
Terence hits you with a +0 flail.
You hit Terence. Your headbutt misses Terence.
Terence is severely wounded.
Terence hits you with a +0 flail!
You closely miss Terence. You headbutt Terence.
Terence is almost dead.
Terence hits you with a +0 flail.
* * * LOW HITPOINT WARNING * * *
Terence hits you with a +0 flail.
* * * LOW HITPOINT WARNING * * *
You hit Terence.
Terence is almost dead.
Terence hits you with a +0 flail!
You die...

.....#.....####..........
.....#.....# #..........
... #.....##
#..^...########
###...........#####
#................
#................
#.........)......
#....####@.......
#........@.......
#................
#................
#................
.......###..... ...####
..... ### .....


You could see Terence.

Vanquished Creatures
  Sigmund (D:2)
  2 adders (D:2)
  4 worms (D:2)
  A dart slug (D:2)
  An orc (D:3)
  8 bats
  3 endoplasms
  A giant cockroach (D:3)
  6 goblins
  6 hobgoblins
  4 kobolds
  A quokka (D:1)
  6 ball pythons
  4 frilled lizards
  5 rats
53 creatures vanquished.

Notes
Turn   | Place    | Note
-------+----------+-------------------------------------------
     0 | D:1      | jestyr24 the Minotaur Berserker began the quest for the
                  | Orb.
     0 | D:1      | Reached XP level 1. HP: 19/19 MP: 0/0
   212 | D:1      | Reached skill level 4 in Fighting
   279 | D:1      | Reached XP level 2. HP: 27/27 MP: 1/1
   706 | D:2      | Reached XP level 3. HP: 18/34 MP: 2/2
   983 | D:2      | Reached ** piety under Trog
  1011 | D:2      | Noticed Sigmund
  1020 | D:2      | Killed Sigmund
  1021 | D:2      | Reached skill level 6 in Fighting
  1021 | D:2      | Reached XP level 4. HP: 44/44 MP: 3/3
  1021 | D:2      | Reached XP level 5. HP: 50/50 MP: 4/4
  1737 | D:2      | Found a faded altar of an unknown god.
  1932 | D:3      | Reached skill level 1 in Stealth
  1983 | D:3      | Noticed Terence
  1994 | D:3      | Slain by Terence

Illustrated notes

Levels and vault maps discovered:
D:1:      dpeg_arrival_line_fractal, layout_basic
D:2:      layout_basic, basic_ecumenical_altar, uniq_sigmund
D:3:      layout_basic, uniq_terence

Skill      XL: |  1  2  3  4  5 |
---------------+----------------+-----
Fighting       | 4 6 |  6.3
Armour         | 3 |  3.2
Dodging        | 3 |  3.9
Stealth        | 1 |  1.0
Axes           | |  3.7

Action                   |  1- 3 |  4- 6 || total
-------------------------+-------+-------++-------
Melee: Hand axe          |     7 |       ||     7
       Short sword       |    43 |    43 ||    86
       Headbutt          |     9 |    12 ||    21
Throw: Dart              |       |     2 ||     2
Invok: Berserk           |     1 |       ||     1
  Use: Scroll            |       |     1 ||     1
 Stab: Sleeping          |     1 |     1 ||     2
Armor: Animal skin       |    19 |       ||    19
       Leather armour    |       |     9 ||     9
Dodge: Dodged            |    31 |    24 ||    55

Table legend: (Time is in decaauts)
 A = Elapsed time spent in this place.
 B = Non-inter-level travel time spent in this place.
 C = Inter-level travel time spent in this place.
 D = Time resting spent in this place.
 E = Time spent auto-exploring this place.
 F = Levels seen in this place.
 G = Mean time per level.
                   A        B        C        D        E       F      G
               +--------+--------+--------+--------+--------+-----+--------+
         Total |   2013 |   1951 |     62 |    227 |   1298 |   3 |  671.0 |
       Dungeon |   2013 |   1951 |     62 |    227 |   1298 |   3 |  671.0 |
               +--------+--------+--------+--------+--------+-----+--------+

Top non-repeatable levels by time:
     D:2: 1276 daAuts
     D:1: 609 daAuts
     D:3: 127 daAuts
